 Dungeon Crawl Stone Soup version 0.21.1-1-g345015f (webtiles) character file.

229 Mgcat the Ruffian (level 5, 0/81 HPs)
             Began as a Troll Fighter on Mar 11, 2018.
             Killed from afar by Sigmund (4 damage)
             ... with a magic dart
             ... on level 3 of the Dungeon.
             The game lasted 00:07:10 (2081 turns).

Mgcat the Ruffian (Troll Fighter)                   Turns: 2081, Time: 00:07:11

Health: 0/81       AC:  5    Str: 28 (30) XL:     5   Next: 71%
Magic:  4/4        EV: 18    Int:  7 (9)  God:
Gold:   158        SH:  9    Dex: 13 (14) Spells: 4/4 levels left

rFire    . . .     SeeInvis .     - Unarmed
rCold    . . .     Gourm    +   b - +0 shield
rNeg     . . .     Faith    .   a - +0 robe
rPois    .         Spirit   .   (helmet restricted)
rElec    .         Reflect  .   (no cloak)
rCorr    .         Harm     .   (gloves unavailable)
MR       .....                  (boots unavailable)
Stlth    ..........             (no amulet)
HPRegen  0.63/turn              c - +5 ring of evasion
MPRegen  0.09/turn              (no ring)

@: brilliant, agile, berserking, hasted, very quick
A: large, unfitting armour, claws 3, fast metabolism 3, gourmand, regeneration
1, shaggy fur 1, tough skin 2
a: no special abilities


You were on level 3 of the Dungeon.
You were very full.

You visited 1 branch of the dungeon, and saw 3 of its levels.

You collected 158 gold pieces.

Inventory:

Hand Weapons
 f - a +0 mace
   (You found it on level 1 of the Dungeon)
 g - a +0 dagger
   (You took it off a goblin on level 1 of the Dungeon)
 l - a +0 whip
   (You took it off a kobold on level 1 of the Dungeon)
Missiles
 p - 5 javelins (quivered)
Armour
 a - a +0 robe (worn)
 b - a +0 shield (worn)
Jewellery
 c - a +5 ring of evasion (left claw)
   (You found it on level 2 of the Dungeon)
Scrolls
 e - a scroll of fog {unknown}
 h - a scroll of enchant weapon {unknown}
 i - 2 scrolls of teleportation {unknown}
 m - 4 scrolls of remove curse {unknown}
 s - a scroll of identify {unknown}
Potions
 j - 2 potions of brilliance
 r - a potion of lignification {unknown}
Comestibles
 d - 7 rations
 k - 18 chunks of flesh {@w0}


   Skills:
 + Level 4.1 Fighting
 - Level 2.4 Dodging
 - Level 2.4 Shields
 + Level 4.4 Unarmed Combat


You had 4 spell levels left.
You didn't know any spells.

Dungeon Overview and Level Annotations

Branches:
Dungeon (3/15)

Altars:
Gozag

Annotations:
D:3 Sigmund


Innate Abilities, Weirdness & Mutations

You are too large for most types of armour.
You have claws for hands.
Your metabolism is lightning-fast.
You like to eat raw meat.
Your natural rate of healing is unusually fast.
You are covered in fur. (AC +1)
You have very tough skin. (AC +2)


Message History

The bat hits you. The bat hits you but does no damage.
You miss the bat. You block the bat's attack. The bat closely misses you.
You block the bat's attack. You block the bat's attack.
You miss the bat. You block the bat's attack.
You barely miss the bat. The bat completely misses you.
You barely miss the bat. You block the bat's attack. The bat misses you.
The bat hits you but does no damage.
You claw the bat!
You kill the bat!
No target in view!
No target in view!
You butcher the bat corpse.
k - 17 chunks of flesh {@w0} (gained 1)
You see here a bat skeleton. x2
You butcher the ball python corpse.
k - 18 chunks of flesh {@w0} (gained 1)
Found an escape hatch in the ceiling.
Marking area around Sigmund as unsafe for travelling.
Sigmund the Dreaded comes into view.
He is wielding a scythe.
Unknown command.
Unknown command.
Unknown command.
Unknown command.
Unknown command.
Unknown command.
Really walk into a travel-excluded area? [Y]es or [N]o only, please.
Really walk into a travel-excluded area?
Really walk into a travel-excluded area?
Sigmund shouts!
Sigmund gestures at you while chanting.
You are confused.
You bump into the rock wall.
It was a potion of brilliance.
You feel clever all of a sudden.
You bump into the rock wall.
Sigmund mumbles some strange words.
Sigmund flickers and vanishes!
Deactivating autopickup; reactivate with Ctrl-A.
You bump into the rock wall.
You feel less confused.
You hear some strange, mumbled words.
Something tries to affect you, but you resist.
Something hits you!
You miss something. You miss something. Something hits you.
You miss something. Something hits you!
It was a potion of curing.
You feel better.
You closely miss something.
The frilled lizard hisses angrily.
Something hits you.
Your shield prevents you from hitting something.
You completely miss something.
You hear some strange, mumbled words.
Something tries to affect you, but you resist.
You barely miss something. You block something's attack.
Your shield prevents you from hitting something.
Something hits you.
You miss something.
The frilled lizard hisses.
You scratch something. You block something's attack.
You barely miss something. Something hits you.
You barely miss something.
It was a potion of degeneration.
There was something very wrong with that liquid.
You feel weakened.
You feel dopey.
You feel clumsy. Something hits you.
It was a potion of haste.
You feel yourself speed up. Something hits you!
You claw something! You miss something.
You hear some strange, mumbled words.
You are confused.
You miss something.
You bump into the rock wall.
Something hits you.
* * * LOW HITPOINT WARNING * * *
It was a potion of agility.
You feel agile all of a sudden. Something closely misses you.
You miss something.
You bump into the rock wall.
Something hits you!
* * * LOW HITPOINT WARNING * * *
You bump into the rock wall.
You miss something.
You hear some strange, mumbled words.
A magic dart appears from out of thin air!
The magic dart hits you!
* * * LOW HITPOINT WARNING * * *
Okay, then.
You're too confused!
It was a potion of berserk rage.
A red film seems to cover your vision as you go berserk!
You feel yourself moving faster!
You feel mighty!
You feel less confused.
You miss something.
You hear some strange, mumbled words.
A magic dart appears from out of thin air!
The magic dart hits you!
You die...

..?..................
.
.............########
.. ###..######..#
.#.#....# ###..#
....<...####....#
..............#.#
.......l####..#.# #{#
#..#.# #@####..#.#
#.........#
#.#####.### #.# #.#
..# .# .... .# ..##.
.# ... . .# .... .#


You could see a frilled lizard.

Vanquished Creatures
  An orc wizard (D:3)
  A worker ant (D:2)
  4 gnolls (D:2)
  2 adders (D:2)
  2 worms
  4 dart slugs
  2 leopard geckos (D:1)
  4 orcs (D:3)
  3 ball pythons
  2 giant cockroaches
  11 goblins
  14 hobgoblins
  15 jackals
  8 kobolds
  A quokka (D:2)
  8 bats
  4 frilled lizards (D:2)
  7 rats
93 creatures vanquished.

Notes
Turn   | Place    | Note
-------+----------+-------------------------------------------
     0 | D:1      | Mgcat the Troll Fighter began the quest for the Orb.
     0 | D:1      | Reached XP level 1. HP: 22/22 MP: 0/0
    37 | D:1      | Reached XP level 2. HP: 28/29 MP: 1/1
   382 | D:1      | Reached skill level 3 in Fighting
   394 | D:1      | Reached XP level 3. HP: 36/37 MP: 2/2
   643 | D:1      | Reached skill level 3 in Unarmed Combat
   958 | D:2      | Reached XP level 4. HP: 40/45 MP: 3/3
   997 | D:2      | HP: 8/45 [gnoll/spear (6)]
  1000 | D:2      | HP: 3/45 [gnoll/spear (6)]
  1232 | D:2      | Reached skill level 4 in Unarmed Combat
  1232 | D:2      | Reached XP level 5. HP: 54/54 MP: 4/4
  1433 | D:2      | Found an opulent altar of Gozag.
  1911 | D:3      | Reached skill level 4 in Fighting
  2028 | D:3      | Noticed Sigmund
  2077 | D:3      | HP: 8/54 [something (10)]
  2079 | D:3      | HP: 2/54 [something/magic dart (7)]
  2081 | D:3      | Killed from afar by Sigmund

Skill      XL: |  1  2  3  4  5 |
---------------+----------------+-----
Fighting       | 3 4 |  4.1
Unarmed Combat | 3 4 |  4.4
Dodging        | |  2.4
Shields        | |  2.4

Action                   |  1- 3 |  4- 6 || total
-------------------------+-------+-------++-------
Melee: Unarmed           |   112 |   140 ||   252
  Use: Potion            |       |     7 ||     7
 Stab: Sleeping          |     1 |     1 ||     2
  Eat: Chunk             |    14 |    10 ||    24
Armor: Robe              |    48 |    25 ||    73
Dodge: Dodged            |    29 |    57 ||    86
Block: Shield            |    46 |    57 ||   103

Vault maps used:
D:1:      minmay_arrival_plants_in_alcoves
D:2:      cheibrodos_greedy_goblins, lemuel_crystal_altar, first_ration,
          kennysheep_cross_bottleneck
D:3:      nicolae_ru_the_path_less_chosen, lemuel_doored_altar, minivault_5,
          uniq_sigmund, uniq_jessica, uniq_grinder

Table legend:
 A = Turns spent in this place as a percentage of turns spent in the entire game.
 B = Non-inter-level travel turns spent in this place as a percentage of non-inter-level travel turns spent in the entire game.
 C = Inter-level travel turns spent in this place as a percentage of turns spent in this place.
 D = Turns resting spent in this place as a percentage of non-inter-level travel turns spent in this place.
 E = Turns spent auto-exploring this place as a percentage of non-inter-level travel turns spent in this place.
 F = Non-inter-level travel turns spent in this place divided by the number of levels of this place that you've seen.
                   A       B       C       D       E      F
               +-------+-------+-------+-------+-------+----------------------
         Total | 100.0 | 100.0 |   3.3 |   0.0 |  73.6 | 671.0
       Dungeon | 100.0 | 100.0 |   3.3 |   0.0 |  73.6 | 671.0
               +-------+-------+-------+-------+-------+----------------------

Table legend:
 A = Kills in this place as a percentage of kills in entire the game.
 B = Kills by you in this place as a percentage of kills by you in the entire game.
 C = Kills by friends in this place as a percentage of kills by friends in the entire game.
 D = Other kills in this place as a percentage of other kills in the entire game.
 E = Experience gained in this place as a percentage of experience gained in the entire game.
 F = Experience gained in this place divided by the number of levels of this place that you have seen.
                   A       B       C       D       E      F
               +-------+-------+-------+-------+-------+----------------------
         Total | 100.0 | 100.0 |   N/A |   N/A | 100.0 | 109.3
       Dungeon | 100.0 | 100.0 |   N/A |   N/A | 100.0 | 109.3
               +-------+-------+-------+-------+-------+----------------------
